Map: New Repugnancy LE

Players

MCanning - Winner!

  • Race: Protoss Protoss
  • Spawn Location: 7:00

Erik

  • Race: Zerg Zerg
  • League: Master
  • Spawn Location: 1:00

Event: 2019 WCS Winter Americas

VOD

Have the link to the VOD?

Description

Time

  • Played on: Jan. 31, 2019, 5:42 p.m.
  • Length: 8:43

All games in this series

Show
View Real Time Build Order
Export as new Build Order

MCanning Protoss - Winner!

Build Orders: 1 Gate Expand, Oracle Opening 

Get SALT Encoding   

  12  0:00  Probe  
  13  0:12  Probe  
  14  0:19  Pylon  
  14  0:24  Probe  
  15  0:34  Probe  
  15  0:38  Gateway  
  15  0:42  Probe  
  16  0:48  Assimilator  
  17  0:51  Probe  
  18  1:03  Probe  
  19  1:15  Probe  
  20  1:24  Nexus  
  20  1:34  Cybernetics Core  
  20  1:36  Probe  
  21  1:44  Assimilator  
  21  1:49  Probe  
  21  1:53  Pylon  
  22  2:01  Probe, Adept  
  23  2:13  Probe  
  26  2:21  Stargate  
  26  2:25  Probe  
  27  2:30  Adept  
  29  2:37  Probe  
  30  2:46  Probe  
  30  2:49  Probe  
  32  2:54  Oracle  
  32  2:57  Warp Gate  
  32  2:59  Probe  
  32  3:01  Probe  
  37  3:10  Stalker  
  37  3:11  Probe  
  40  3:13  Probe, Gateway  
  41  3:23  Probe  
  41  3:25  Pylon  
  42  3:28  Probe  
  43  3:35  Oracle, Probe  
  43  3:38  Gateway  
  44  3:45  Pylon  
  44  3:46  Probe  
  48  3:49  Probe  
  48  3:55  Pylon  
  49  3:57  Pylon  
  49  3:58  Probe  
  46  4:10  Oracle, Pylon  
  46  4:14  Pylon  
  48  4:23  Probe, Pylon  
  49  4:27  Probe  
  49  4:29  Gateway  
  50  4:37  Pylon  
  50  4:42  Oracle  
  50  4:44  Adept  
  52  4:50  Cybernetics Core  
  55  4:55  Probe  
  55  4:58  Gateway  
  56  5:01  Probe  
  56  5:03  Assimilator  
  57  5:08  Probe  
  57  5:13  Pylon  
  58  5:16  Oracle  
  58  5:17  Zealot x2  
  62  5:22  Pylon  
  65  5:34  Adept  
  67  5:37  Probe  
  67  5:38  Adept  
  67  5:39  Adept  
  72  5:46  Robotics Facility  
  72  5:49  Probe  
  73  5:50  Probe  
  73  5:52  Pylon  
  73  5:53  Zealot  
  73  5:54  Shield Battery  
  76  5:58  Adept  
  76  5:59  Adept  
  76  6:01  Probe  
  76  6:02  Probe  
  82  6:04  Twilight Council  
  82  6:17  Zealot x2  
  86  6:22  Probe  
  87  6:32  Zealot x2  
  82  6:42  Stalker x2  
  86  6:49  Warp Prism  
  86  6:50  Charge  
  87  6:54  Probe  
  87  6:59  Probe  
  90  7:04  Gateway  
  90  7:06  Gateway  
  90  7:08  Adept x3, Gateway  
  93  7:12  Probe  
  89  7:18  Probe  
  89  7:22  Adept  
  90  7:38  Probe  
  90  7:43  Probe, Templar Archives  
  86  7:45  Gateway  
  86  7:47  Zealot x4  
  84  8:02  Pylon x2  
  75  8:15  Nexus  
  75  8:19  Zealot x4  
  75  8:20  Zealot x3  
  75  8:25  Pylon  
  75  8:26  Probe  
Show
View Real Time Build Order
Export as new Build Order

Erik Zerg 

Build Orders: Hatch First, Zergling Baneling 

Get SALT Encoding   

  12  0:01  Drone  
  13  0:12  Overlord  
  13  0:17  Drone  
  14  0:30  Drone x2  
  16  0:49  Hatchery  
  15  0:52  Drone  
  15  0:56  Drone  
  17  0:59  Drone  
  18  1:11  Extractor  
  18  1:15  Spawning Pool  
  18  1:17  Drone  
  17  1:20  Drone  
  18  1:28  Drone  
  19  1:38  Overlord  
  19  2:01  Queen x2  
  19  2:02  Zergling x6  
  26  2:10  Metabolic Boost  
  26  2:12  Drone x2  
  28  2:34  Hatchery  
  26  2:47  Baneling Nest  
  26  2:51  Drone  
  26  2:52  Zergling x4  
  26  2:54  Zergling x2  
  29  3:01  Zergling x4  
  31  3:07  Zergling x4  
  33  3:20  Zergling x2  
  33  3:21  Zergling x4  
  36  3:34  Baneling  
  36  3:35  Baneling x5  
  36  3:38  Baneling  
  36  3:43  Overlord  
  36  3:46  Zergling x8  
  40  3:53  Zergling x4  
  37  4:06  Zergling x8  
  37  4:16  Zergling x8  
  39  4:20  Drone  
  39  4:21  Drone  
  40  4:27  Drone x2  
  41  4:32  Baneling x3  
  41  4:33  Baneling  
  41  4:37  Drone  
  38  4:57  Spore Crawler  
  38  4:58  Spore Crawler  
  33  5:00  Drone x2  
  33  5:01  Spore Crawler, Drone x3  
  33  5:03  Drone  
  33  5:06  Drone  
  39  5:09  Drone  
  39  5:12  Drone  
  42  5:14  Drone  
  42  5:19  Overlord  
  41  5:37  Overlord, Queen x2  
  41  5:39  Drone  
  41  5:40  Drone  
  41  5:42  Drone x2  
  49  5:45  Spore Crawler  
  47  5:54  Zergling x4  
  47  5:57  Zergling x10  
  50  6:03  Zergling x6  
  57  6:07  Overlord  
  57  6:20  Lair  
  57  6:25  Queen x2  
  61  6:32  Zergling x14  
  60  6:35  Drone  
  60  6:36  Drone  
  60  6:38  Drone  
  60  6:39  Drone  
  52  6:42  Baneling  
  52  6:45  Zergling x4  
  48  6:55  Zergling x14  
  48  7:01  Zergling x4  
  48  7:10  Zergling x4  
  48  7:13  Zergling x2  
  44  7:20  Baneling x4  
  45  7:22  Zergling x2  
  45  7:23  Zergling x4  
  45  7:25  Baneling x2  
  45  7:28  Zergling x4  
  42  7:40  Zergling x6  
  38  7:45  Zergling x4  
  32  7:55  Zergling x4  
  32  7:56  Zergling x2  
  35  8:03  Drone  
  35  8:08  Drone x2  
  35  8:10  Drone  
  35  8:12  Drone  
  35  8:17  Drone  
  35  8:19  Drone  
Tags
 
Add a new tag
Caveats
  • Supply blocks, unpowered buildings, or Contaminate may cause inaccurate times.
  • Supply counts are checked every 10 seconds.